 Dungeon Crawl Stone Soup version 0.19-a0-1490-g5dd3618 (webtiles) character file.

57838 inmateoo the Fencer (level 14, -5/124 HPs)
             Began as a Yellow Draconian Fighter on Sept 8, 2016.
             Was the Champion of Okawaru.
             Slain by a meliai
             ... wielding a +0 hand axe
              (8 damage)
             ... while paralysed by a wizard
             ... on level 14 of the Dungeon.
             The game lasted 00:39:24 (21882 turns).

inmateoo the Fencer (Yellow Draconian Fighter)     Turns: 21882, Time: 00:39:25

Health: -5/124     AC: 19    Str: 20    XL:     14   Next: 47%
Magic:  26/26      EV:  2    Int: 10    God:    Okawaru [******]
Gold:   450        SH:  0    Dex: 18    Spells: 0 memorised, 26 levels left

rFire  + . .     SeeInvis +     K - +4 scimitar (flame)
rCold  + . .     Gourm    .     (armour unavailable)
rNeg   . . .     Faith    .     V - +2 large shield {rF+}
rPois  .         Spirit   .     (helmet restricted)
rElec  .         Dismiss  .     b - +1 cloak of the Lobster {MR+ rCorr}
rCorr  +         Reflect  +     N - +2 pair of gloves {Dex+3}
MR     ++...     Harm     .     B - +0 pair of boots
Stlth  ++........ Clarity  +    t - +3 amulet of reflection
                                g - ring of protection from cold
                                x - +5 ring of protection

@: paralysed, lethally poisoned (-5 -> -8), very slightly contaminated,
invisible
A: spit acid, acid resistance, unfitting armour, hooves 1, see invisible,
clarity, clever 1, deterioration 1, high mp 1, screaming 1, acidic bite,
cold-blooded, AC +8
a: Spit Acid, Heroism, Finesse, Renounce Religion


You were on level 14 of the Dungeon.
You worshipped Okawaru.
Okawaru was exalted by your worship.
You were not hungry.

You visited 3 branches of the dungeon, and saw 21 of its levels.
You also visited: Labyrinth.

You collected 1287 gold pieces.
You spent 837 gold pieces at shops.

Inventory:

Hand Weapons
 K - a +4 scimitar of flaming (weapon)
 P - a +2 scimitar of holy wrath
Missiles
 w - 3 throwing nets (quivered)
Armour
 b - the +1 cloak of the Lobster (worn) {MR+ rCorr}
   (You found it on level 4 of the Lair of Beasts)

   It affects your resistance to hostile enchantments.
   It protects you from acid and corrosion.
 B - a +0 pair of boots (worn)
 N - a +2 pair of gloves of dexterity (worn)
 V - a +2 large shield of fire resistance (worn)
Rods
 W - a +8 lightning rod (14/14)
   (You took it off a minotaur in a labyrinth)
Jewellery
 g - a ring of protection from cold (right hand)
 s - an uncursed amulet of regeneration
 t - a +3 amulet of reflection (around neck)
 x - a +5 ring of protection (left hand)
 C - an uncursed ring of ice
 D - an uncursed ring of fire
Wands
 a - a wand of lightning (7/15)
 H - a wand of acid (8/15)
 U - a wand of disintegration (8/24)
Scrolls
 e - 6 scrolls of identify
 h - 5 scrolls of magic mapping
 k - 13 scrolls of remove curse
 n - 2 scrolls of blinking
 p - 5 scrolls of recharging
 v - 2 scrolls of fear
 y - 3 scrolls of enchant armour
 E - 5 scrolls of enchant weapon
 I - a scroll of teleportation
 Z - 3 scrolls of fog
Potions
 c - 3 potions of might
 l - 15 potions of curing
 m - 4 potions of heal wounds
 o - a potion of cure mutation
 r - 2 potions of haste
 u - a potion of magic
 z - a potion of ambrosia
 G - 2 potions of flight
 J - a potion of brilliance
 L - a potion of lignification
 M - a potion of resistance
 O - 2 potions of berserk rage
 S - 4 potions of agility
Books
 F - a book of the Warp

   Spells                             Type                      Level
   a - Gell's Gravitas                Hexes/Translocation          3
   b - Force Lance                    Conjuration/Translocation    4
   c - Summon Forest                  Summoning/Translocation      5
   d - Dispersal                      Translocation                6
   e - Controlled Blink               Translocation                8
   f - Disjunction                    Translocation                8
Miscellaneous
 f - 3 sacks of spiders
 T - a lamp of fire
 X - a fan of gales
 Y - a box of beasts
Comestibles
 d - 14 bread rations
 j - 14 fruits
 A - 6 meat rations
 Q - 2 slices of pizza


   Skills:
 + Level 11.5 Fighting
 * Level 15.3 Long Blades
 + Level 10.6 Dodging
 + Level 9.0 Shields
 - Level 6.8 Spellcasting
 - Level 6.4 Invocations
 + Level 5.7 Evocations


You had 26 spell levels left.
You didn't know any spells.

Dungeon Overview and Level Annotations

Branches:
Dungeon (14/15)            Temple (1/1) D:7            Lair (6/6) D:10
 Shoals (0/4) Lair:3        Snake (0/4) Lair:2        Slime (0/5) Lair:5
    Orc: D:9-12      Vaults: D:13-14

Altars:
Ashenzari
Cheibriados
Hepliaklqana
Makhleb
Okawaru
Uskayaw
Vehumet
Xom

Shops:
D:11 [   D:12 *!?%*

Portals:
Trove: D:11 (give wand of heal wounds (9))

Annotations:
D:5 Eustachio


Innate Abilities, Weirdness & Mutations

You can spit globs of acid.
You are resistant to acid.
Your golden yellow scales are hard. (AC +8)
Your body does not fit into most forms of armour.
You have acidic saliva.
You are cold-blooded and may be slowed by cold attacks.
You have large cloven feet.
You have supernaturally acute eyesight. (SInv)
You possess an exceptional clarity of mind.
Your mind is acute. (Int +2)
Your body sometimes deteriorates upon taking damage.
You have an increased reservoir of magic. (+10% MP)
You occasionally shout uncontrollably at your foes.


Message History

The meliai hits you but does no damage.
The meliai stings you but does no damage.
The meliai invokes the aid of its god against you.
Something smites you!
* * * LOW HITPOINT WARNING * * *
The meliai hits you but does no damage.
The meliai stings you but does no damage.
The meliai hits you but does no damage.
The meliai stings you but does no damage.
The meliai barely misses you.
The meliai stings you but does no damage.
The meliai hits you with a hand axe.
* * * LOW HITPOINT WARNING * * *
The meliai stings you but does no damage.
The meliai hits you but does no damage. The meliai stings you.
* * * LOW HITPOINT WARNING * * *
The meliai hits you but does no damage.
The meliai stings you but does no damage.
The meliai hits you with a hand axe!
You die...

#####..#########.
#................
#.#####.#########
#.######.#####.#
#...........##.#
########.##.##.#
########.##.##.#
.......yy##.##.#
#...p..@y.#.##.#
............##.#
#.#####.#...##.#
##### .
)#.##...#.####...#
..................#
....##...#.####...##
...####.##(#####...#
#.# #....)†<)..# #
####.#####...#


You could see a wizard and 3 meliai.

Vanquished Creatures
  A tengu reaver (D:14)
  The ghost of George the Fencer, a journeyman MiFi of the Shining One (Lair:6)
  A minotaur (Lab)
  A fire dragon (D:14)
  Harold (D:10)
  9 hydras
  An ice dragon (Lair:6)
  Erica (D:9)
  3 catoblepae
  7 death yaks (Lair:6)
  Urug (Lair:5)
  Nergalle (Lair:4)
  A skeletal warrior (D:14)
  3 unseen horrors
  Pikel (D:4)
  A lindwurm (Lair:5)
  A deep elf mage (D:14)
  4 hill giants (D:11)
  The ghost of crawlian the Arsonist, a novice DEFE of Vehumet (D:11)
  A wolf spider zombie (D:12)
  3 manticores
  A griffon (Lair:6)
  5 black mambas
  2 elephants (Lair:6)
  Joseph (D:8)
  5 spiny frogs
  An ice statue (Lair:6)
  4 kobold demonologists
  5 rime drakes
  8 komodo dragons
  A meliai (D:14)
  4 trolls
  3 two-headed ogres (D:12)
  2 polar bears (Lair:6)
  2 slime creatures
  10 blink frogs
  2 dream sheep (Lair:6)
  A meliai zombie (D:8)
  A wyvern (D:8)
  A spriggan (Lair:4)
  A basilisk (Lair:6)
  8 hippogriffs
  18 yaks
  A hungry ghost (D:9)
  A vampire mosquito (D:14)
  4 nagas (Lair:2)
  A mottled dragon (D:14)
  14 water moccasins
  5 porcupines
  Duvessa (D:6)
  3 orc warriors
  2 slaves (D:3)
  8 ice beasts
  3 sky beasts
  A black bear (Lair:3)
  3 phantoms
  6 ogres
  16 wolves
  An eye of draining (D:12)
  11 crocodiles
  4 big kobolds
  9 giant frogs
  Dowan (D:6)
  5 scorpions
  13 killer bees
  17 wights
  2 howler monkeys
  4 giant frog zombies
  A wasp zombie (D:8)
  6 hounds
  2 crimson imps
  5 jellies
  8 orc priests
  5 centaur skeletons
  A giant frog skeleton (D:7)
  11 orc wizards
  Ijyb (D:2)
  7 iguanas
  2 hell rats (Lair:1)
  7 worker ants
  A hound zombie (D:5)
  A hound skeleton (D:4)
  39 river rats
  7 adders
  7 gnolls
  A shadow imp (D:11)
  2 white imps (Lair:6)
  2 oozes
  3 adder skeletons
  A dart slug (D:1)
  8 giant geckos
  35 orcs
  12 bats
  8 giant cockroaches
  6 goblins
  6 hobgoblins
  16 jackals
  24 kobolds
  3 quokkas
  A ball python (D:4)
  2 giant cockroach zombies (D:5)
  A giant gecko skeleton (D:6)
  6 giant newts
  A jackal skeleton (D:8)
  A quokka skeleton (D:4)
  8 rats
  A fungus (Lair:6)
  4 plants
529 creatures vanquished.

Vanquished Creatures (others)
  Nessos (Lair:6)
  A slave (D:4)
  A centaur (D:7)
  A scorpion (D:4)
  An adder (D:4)
  A bush (Lair:1)
  13 fungi
  4 plants
23 creatures vanquished.

Grand Total: 552 creatures vanquished

Notes
Turn   | Place    | Note
-------+----------+-------------------------------------------
     0 | D:1      | inmateoo the Draconian Fighter began the quest for the Orb.
     0 | D:1      | Reached XP level 1. HP: 19/19 MP: 1/1
   177 | D:1      | Reached XP level 2. HP: 26/26 MP: 2/2
   245 | D:1      | Reached skill level 3 in Long Blades
   485 | D:1      | Reached XP level 3. HP: 29/31 MP: 3/3
   749 | D:2      | Noticed Ijyb
   763 | D:2      | Killed Ijyb
   763 | D:2      | Reached skill level 4 in Long Blades
  1049 | D:2      | Reached XP level 4. HP: 34/38 MP: 4/4
  1899 | D:3      | Reached XP level 5. HP: 34/45 MP: 5/5
  2235 | D:3      | Reached skill level 5 in Long Blades
  2674 | D:4      | Reached XP level 6. HP: 46/51 MP: 6/6
  2702 | D:4      | Noticed a slave
  2702 | D:4      | Noticed a slave
  2702 | D:4      | Noticed a slave
  2705 | D:4      | Noticed Pikel
  2738 | D:3      | Killed a slave
  2770 | D:3      | Killed a slave
  3129 | D:4      | Reached skill level 6 in Long Blades
  3362 | D:4      | Killed Pikel
  3362 | D:4      | Reached skill level 7 in Long Blades
  3362 | D:4      | Reached skill level 5 in Dodging
  3362 | D:4      | Your scales start taking on a golden yellow colour.
  3362 | D:4      | Reached XP level 7. HP: 29/57 MP: 7/7
  3791 | D:4      | Reached skill level 8 in Long Blades
  4015 | D:4      | Reached XP level 8. HP: 63/63 MP: 8/8
  4356 | D:5      | Entered Level 5 of the Dungeon
  4409 | D:5      | Noticed Eustachio
  5127 | D:6      | Reached skill level 9 in Long Blades
  5419 | D:6      | Noticed Dowan
  5420 | D:6      | Noticed Duvessa
  5436 | D:6      | Reached skill level 5 in Fighting
  5446 | D:6      | Killed Duvessa
  5455 | D:6      | Killed Dowan
  5455 | D:6      | Reached XP level 9. HP: 61/74 MP: 9/9
  5726 | D:7      | Found a staircase to the Ecumenical Temple.
  5739 | Temple   | Entered the Ecumenical Temple
  5746 | Temple   | Became a worshipper of Warmaster Okawaru
  5797 | D:7      | Found a hide-covered altar of Uskayaw.
  5849 | D:7      | Reached skill level 10 in Long Blades
  6293 | D:7      | Reached * piety under Okawaru
  7099 | D:7      | Reached skill level 11 in Long Blades
  7285 | D:8      | Noticed Joseph
  7303 | D:8      | Killed Joseph
  7303 | D:8      | Reached ** piety under Okawaru
  7303 | D:8      | Reached XP level 10. HP: 64/84 MP: 10/10
  8219 | D:8      | Reached skill level 1 in Invocations
  8225 | D:8      | Reached *** piety under Okawaru
  8772 | D:9      | Noticed Erica
  8783 | D:9      | Killed Erica
  8783 | D:9      | Reached skill level 1 in Spellcasting
  9678 | D:10     | Entered Level 10 of the Dungeon
  9908 | D:10     | Noticed Harold
  9926 | D:10     | Killed Harold
  9926 | D:10     | Reached **** piety under Okawaru
 10171 | D:10     | Found a staircase to the Lair.
 10500 | D:11     | Noticed a hill giant
 10506 | D:11     | Killed a hill giant
 10506 | D:11     | Reached skill level 12 in Long Blades
 10590 | D:11     | Found Juaxiv's Armour Shop.
 10598 | D:11     | Bought a +0 pair of boots for 49 gold pieces
 10637 | D:11     | Noticed a hill giant
 10643 | D:11     | Killed a hill giant
 10643 | D:11     | Reached XP level 11. HP: 94/94 MP: 11/14
 10897 | D:11     | Noticed a hill giant
 10910 | D:11     | Killed a hill giant
 10910 | D:11     | Reached ***** piety under Okawaru
 10910 | D:11     | Reached skill level 5 in Shields
 11119 | D:11     | Found a burning altar of Makhleb.
 11121 | D:11     | Noticed crawlian's ghost (novice DEFE)
 11136 | D:11     | Killed crawlian's ghost
 11211 | D:11     | Noticed a hill giant
 11212 | D:11     | Found a portal to a secret trove of treasure.
 11325 | D:11     | Killed a hill giant
 11471 | D:12     | Found Ufewke's Assorted Antiques.
 11478 | D:12     | Found Fulah's Distillery.
 11780 | D:12     | Bought an amethyst potion for 32 gold pieces
 11786 | D:12     | Bought a potion of curing for 39 gold pieces
 11786 | D:12     | Bought a potion of lignification for 39 gold pieces
 11786 | D:12     | Bought a potion of curing for 39 gold pieces
 11786 | D:12     | Bought a potion of heal wounds for 65 gold pieces
 11786 | D:12     | Bought a potion of berserk rage for 65 gold pieces
 11786 | D:12     | Bought a potion of curing for 39 gold pieces
 11876 | Lair:1   | Entered Level 1 of the Lair of Beasts
 12233 | Lair:1   | Noticed a five-headed hydra
 12245 | Lair:1   | Killed a one-headed hydra
 12245 | Lair:1   | Reached ****** piety under Okawaru
 12245 | Lair:1   | Received a gift from Okawaru
 12303 | Lair:1   | Reached skill level 5 in Invocations
 12887 | Lair:2   | Found a staircase to the Snake Pit.
 12940 | Lair:2   | Reached XP level 12. HP: 104/104 MP: 18/18
 12947 | Lair:2   | Reached skill level 13 in Long Blades
 13856 | Lair:3   | Noticed a four-headed hydra
 13878 | Lair:3   | Killed a one-headed hydra
 14253 | Lair:3   | Found a staircase to the Shoals.
 14684 | Lair:4   | Noticed a six-headed hydra
 14692 | Lair:4   | Killed a two-headed hydra
 14694 | Lair:4   | Found a labyrinth entrance.
 14748 | Lab      | Entered a labyrinth
 15008 | Lab      | Noticed a minotaur
 15019 | Lab      | Killed a minotaur
 15019 | Lab      | Reached skill level 5 in Spellcasting
 15186 | Lair:4   | Noticed a four-headed hydra
 15193 | Lair:4   | Killed a one-headed hydra
 15193 | Lair:4   | Received a gift from Okawaru
 15193 | Lair:4   | Reached skill level 1 in Evocations
 15251 | Lair:4   | Got a scorched cloak
 15257 | Lair:4   | Identified the +1 cloak of the Lobster {MR+ rCorr} (You found it on level 4 of the Lair of Beasts)
 15370 | Lair:4   | Noticed Nergalle
 15389 | Lair:4   | Killed Nergalle
 15499 | Lair:4   | Reached skill level 10 in Fighting
 15957 | Lair:5   | Noticed Urug
 16022 | Lair:5   | Killed Urug
 16292 | Lair:5   | Reached XP level 13. HP: 95/113 MP: 21/21
 16653 | Lair:5   | Reached skill level 14 in Long Blades
 16679 | Lair:5   | Found a staircase to the Slime Pits.
 16971 | Lair:6   | Entered Level 6 of the Lair of Beasts
 17632 | Lair:6   | Received a gift from Okawaru
 17908 | Lair:6   | Noticed Nessos
 17915 | Lair:6   | Killed Nessos
 18027 | Lair:6   | Noticed George's ghost (journeyman MiFi)
 18046 | Lair:6   | Killed George's ghost
 18410 | Lair:6   | Reached skill level 10 in Dodging
 19183 | Lair:6   | Received a gift from Okawaru
 19183 | Lair:6   | Gained mutation: You have acidic saliva. [Yellow Draconian growth]
 19183 | Lair:6   | Reached XP level 14. HP: 101/124 MP: 24/24
 19186 | Lair:6   | Got a transparent shield {god gift}
 19197 | Lair:6   | Identified the +0 shield of the Disturbing Deaths {rC- Int+4 Dex+3} (Okawaru gifted it to you on level 6 of the Lair of Beasts)
 19567 | D:12     | Found Vexav's Magic Scroll Emporium.
 19632 | D:12     | Bought a scroll of identify for 32 gold pieces
 19632 | D:12     | Bought a scroll of identify for 32 gold pieces
 19632 | D:12     | Bought a scroll of teleportation for 48 gold pieces
 19632 | D:12     | Bought a scroll of teleportation for 48 gold pieces
 19632 | D:12     | Bought a scroll of blinking for 120 gold pieces
 19777 | D:12     | Found a shattered altar of Ashenzari.
 19946 | D:12     | Found Woruc's Assorted Antiques.
 19988 | D:12     | Bought a faintly glowing bone ring for 140 gold pieces
 19988 | D:12     | Bought a silvery potion for 25 gold pieces
 19988 | D:12     | Bought a black potion for 25 gold pieces
 20005 | D:12     | Identified the ring of Ucsiula {rCorr Int+4 Stlth+} (You bought it in a shop on level 12 of the Dungeon)
 20080 | D:12     | Found Caofel's Food Shop.
 20247 | D:12     | Reached skill level 15 in Long Blades
 20408 | D:12     | Reached skill level 5 in Evocations
 20846 | D:13     | Gained mutation: You possess an exceptional clarity of mind. [potion of mutation]
 20846 | D:13     | Gained mutation: Your mind is acute. (Int +2) [potion of mutation]
 20846 | D:13     | Gained mutation: You have supernaturally acute eyesight. (SInv) [potion of mutation]
 20847 | D:13     | Gained mutation: You have large cloven feet. [potion of mutation]
 20847 | D:13     | Gained mutation: Your muscles are strong. (Str +2) [potion of mutation]
 20847 | D:13     | Lost mutation: Your muscles are strong. (Str +2) [potion of mutation]
 20851 | D:13     | Gained mutation: You occasionally shout uncontrollably at your foes. [mutagenic meat]
 20854 | D:13     | Gained mutation: You are frail. (-10% HP) [mutagenic meat]
 20857 | D:13     | Gained mutation: You have an increased reservoir of magic. (+10% MP) [mutagenic meat]
 20860 | D:13     | Gained mutation: Your body sometimes deteriorates upon taking damage. [mutagenic meat]
 20863 | D:13     | Lost mutation: You are frail. (-10% HP) [mutagenic meat]
 21636 | D:14     | Noticed a tengu reaver
 21692 | D:14     | Killed a tengu reaver
 21879 | D:14     | Paralysed by a wizard for 5 turns
 21882 | D:14     | HP: 6/124 [meliai/hand axe (6)]
 21882 | D:14     | Slain by a meliai

Vault maps used:
D:1:      shiori_shiawase
D:2:      uniq_iyjb
D:4:      uniq_pikel
D:5:      first_bread, hangedman_glass_teeth, uniq_eustachio
D:6:      uniq_duvessa
D:7:      grunt_ogre_cave, lemuel_statue_altar
D:8:      uniq_joseph
D:9:      minmay_misc_feat_tower, uniq_erica
D:10:     lair_0_dummy, uniq_harold
D:11:     orc_0_dummy, enter_trove_3, basic_altar, serial_shops, shop
D:12:     serial_shops, shop, nicolae_shop_stone, nicolae_shop_statue_plus,
          shop, shop, nicolae_ashenzari_panopticon
D:13:     statue_in_the_mist_lemuel, serial_bayou_ford_a
D:14:     erik_vaults_2, minivault_4, onia_ninara_dug_in_and_dangerous
Temple:   nicolae_temple_the_god_donut
Lair:1:   kennysheep_rathole
Lair:2:   minmay_snake_entry_guardpost_small, nicolae_lair_grove_arrangements
Lair:3:   shoals_dummy_entry
Lair:4:   lab_entry_generic, wad_woods_03, uniq_nergalle
Lair:5:   minmay_slime_entry_pillars, patterned_corridor, uniq_urug
Lair:6:   hangedman_lair_in_review, st_stairs_12, columned_hall_lemuel,
          ice2_lemuel, lemuel_fruit_tree, uniq_nessos
Lab:      labyrinth_watery

Skill      XL: |  1  2  3  4  5  6  7  8  9 10 11 12 13 14 |
---------------+-------------------------------------------+-----
Long Blades    | 3 4 5 7 8 9 11 12 13 14 15 | 15.3
Dodging        | 3 5 6 7 8 9 10 | 10.6
Fighting       | 5 6 8 9 10 11 | 11.5
Invocations    | 3 5 6 |  6.4
Shields        | 4 6 7 8 9 |  9.0
Spellcasting   | 2 4 5 6 |  6.8
Evocations     | 2 4 5 |  5.7

Action                   |  1- 3 |  4- 6 |  7- 9 | 10-12 | 13-15 || total
-------------------------+-------+-------+-------+-------+-------++-------
Melee: Long sword        |   119 |   263 |   253 |   135 |       ||   770
       Tailslap          |    15 |    27 |    73 |   153 |   125 ||   393
       Scimitar          |       |       |   196 |   826 |   663 ||  1685
       Bite              |       |       |       |       |    42 ||    42
Invok: Heroism           |       |       |     1 |    11 |     4 ||    16
 Abil: Spit Acid         |       |       |     6 |       |     1 ||     7
Evoke: Box of beasts     |       |       |       |       |     4 ||     4
       Wand              |       |       |       |       |     2 ||     2
       Sack of spiders   |       |       |       |       |     1 ||     1
  Use: Scroll            |       |     3 |    16 |     8 |    10 ||    37
       Potion            |       |       |     1 |     2 |     5 ||     8
 Stab: Sleeping          |       |       |     1 |     7 |       ||     8
       Distracted        |       |       |       |     2 |       ||     2
  Eat: Chunk             |       |     9 |    11 |    30 |    14 ||    64
       Fruit             |       |       |     4 |       |       ||     4
       Pizza             |       |       |       |       |     3 ||     3
       Beef jerky        |       |       |       |       |     6 ||     6
Armor: Skin              |    41 |    56 |    80 |   122 |   135 ||   434
Dodge: Dodged            |    46 |    95 |   121 |   294 |   201 ||   757
Block: Shield            |    29 |   104 |   224 |   456 |   124 ||   937
       Reflection        |       |       |     5 |    13 |    16 ||    34
       Large shield      |       |       |       |       |   367 ||   367
